 Dungeon Crawl Stone Soup version 0.21.0-26-g889b8f6 (webtiles) character file.

97 Moloch the Conjurer (level 4, -13/27 HPs)
             Began as an Octopode Wizard on Jan 27, 2018.
             Was an Initiate of Vehumet.
             Engulfed by a cloud of flame (20 damage)
             ... on level 2 of the Dungeon.
             The game lasted 00:03:38 (2115 turns).

Moloch the Conjurer (Octopode Wizard)               Turns: 2115, Time: 00:03:38

Health: -13/27     AC:  1    Str:  6    XL:     4   Next: 68%
Magic:  8/9        EV: 13    Int: 21    God:    Vehumet [......]
Gold:   128        SH:  0    Dex: 10    Spells: 2/10 levels left

rFire    . . .     SeeInvis .   (no weapon)
rCold    . . .     Gourm    .   (no shield)
rNeg     . . .     Faith    .   a - +0 hat
rPois    .         Spirit   .   (no amulet)
rElec    .         Reflect  .   (no ring)
rCorr    .         Harm     .   (no ring)
MR       .....                  (no ring)
Stlth    +++.......             (no ring)
HPRegen  0.09/turn              (no ring)
MPRegen  0.11/turn              (no ring)
                                (no ring)
                                (no ring)

@: no status effects
A: almost no armour, stealthy swim, amphibious, 8 rings, constrict 8, camouflage
1, gelatinous body 1
a: Renounce Religion


You were on level 2 of the Dungeon.
You worshipped Vehumet.
Vehumet was noncommittal.
You were not hungry.

You visited 1 branch of the dungeon, and saw 2 of its levels.

You collected 128 gold pieces.

Inventory:

Armour
 a - a +0 hat (worn)
Jewellery
 k - a +3 ring of slaying {unknown}
Scrolls
 d - 3 scrolls of teleportation {unknown}
 g - a scroll of enchant armour {unknown}
 h - a scroll of remove curse {unknown}
 i - 3 scrolls of identify {unknown}
 j - a scroll of fog {unknown}
 n - a scroll of enchant weapon {unknown}
Potions
 e - 2 potions of brilliance {unknown}
 f - 3 potions of curing {unknown}
 l - 2 potions of agility {unknown}
Books
 b - a book of Minor Magic

   Spells                             Type                      Level
   a - Magic Dart                     Conjuration                  1
   b - Blink                          Translocation                2
   c - Call Imp                       Summoning                    2
   d - Slow                           Hexes                        2
   e - Conjure Flame                  Conjuration/Fire             3
   f - Mephitic Cloud                 Conjuration/Poison/Air       3
Comestibles
 c - 2 rations
 m - 5 chunks of flesh


   Skills:
 - Level 2.0 Dodging
 - Level 2.6 Stealth
 + Level 3.5 Spellcasting
 * Level 3.7 Conjurations
 - Level 1.0 Summonings
 - Level 1.0 Translocations


You had 2 spell levels left.
You knew the following spells:

 Your Spells              Type           Power        Failure   Level  Hunger
a - Magic Dart            Conj           ###.         2%          1    None
b - Blink                 Tloc           N/A          13%         2    ##.....
c - Call Imp              Summ           #.......     13%         2    ##.....
d - Mephitic Cloud        Conj/Pois/Air  #.......     22%         3    ###....


Dungeon Overview and Level Annotations

Branches:
Dungeon (2/15)

Altars:
Vehumet


Innate Abilities, Weirdness & Mutations

You cannot wear most types of armour.
You are very stealthy in the water. (Stealth+)
You are amphibious.
You can wear up to eight rings at the same time.
You can use your tentacles to constrict eight enemies at once.
Your skin changes colour to match your surroundings (Stealth+).
Your rubbery body absorbs attacks. (AC +1, EV +1)


Message History

Confirm with . or Enter, or press ? or * to list all spells.
You can't see any susceptible monsters within range! (Use Z to cast anyway.)
Found a silvery potion and a ring mail.
Found a radiant altar of Vehumet.
You see here a jackal corpse.
You butcher the jackal corpse.
m - 5 chunks of flesh (gained 2) Really walk into a travel-excluded area?
You see here a jackal corpse.
Found a grey potion.
You are engulfed in blazing flames.
Ouch! That really hurt!
* * * LOW HITPOINT WARNING * * *
There is a radiant altar of Vehumet here.
You curl up in front of the altar of Vehumet.
Vehumet welcomes you!
You start resting.
You are engulfed in blazing flames.
Ouch! That really hurt!
You die...

.... #.#
..... #.#
......####.#
...!.......#
..![..###..#
......####†#
.....§.....#
###..§.§..#
#...@.§##
#..§§§§#
#......#
#....###
######


There were no monsters in sight!

Vanquished Creatures
  3 adders (D:2)
  2 oozes (D:2)
  A worm (D:2)
  A dart slug (D:1)
  A ball python (D:1)
  4 bats
  6 goblins
  7 hobgoblins
  10 jackals
  5 kobolds
  A quokka (D:2)
  8 frilled lizards
  3 rats (D:1)
52 creatures vanquished.

Vanquished Creatures (others)
  2 jackals (D:2)
2 creatures vanquished.

Grand Total: 54 creatures vanquished

Notes
Turn   | Place    | Note
-------+----------+-------------------------------------------
     0 | D:1      | Moloch the Octopode Wizard began the quest for the Orb.
     0 | D:1      | Reached XP level 1. HP: 11/11 MP: 4/4
   244 | D:1      | Reached XP level 2. HP: 17/17 MP: 0/6
   390 | D:1      | Learned a level 2 spell: Blink
   393 | D:1      | Learned a level 2 spell: Call Imp
   658 | D:1      | Reached XP level 3. HP: 21/21 MP: 0/7
  1582 | D:2      | Reached XP level 4. HP: 27/27 MP: 6/8
  1618 | D:2      | Learned a level 3 spell: Mephitic Cloud
  2092 | D:2      | Found a radiant altar of Vehumet.
  2101 | D:2      | Became a worshipper of Vehumet
  2115 | D:2      | Engulfed by a cloud of flame

Skill      XL: |  1  2  3 |
---------------+----------+-----
Conjurations   | 2 3 |  3.7
Dodging        | |  2.0
Stealth        | |  2.6
Spellcasting   | |  3.5
Summonings     | |  1.0
Translocations | |  1.0

Action                   |  1- 3 |  4- 6 || total
-------------------------+-------+-------++-------
Melee: Unarmed           |    10 |       ||    10
       Constrict         |     4 |       ||     4
       Tentacles         |     1 |       ||     1
 Cast: Magic Dart        |    83 |    37 ||   120
  Eat: Chunk             |     2 |     1 ||     3
Dodge: Dodged            |    10 |     4 ||    14
